 Dungeon Crawl Stone Soup version 0.18-a0-952-g309898a (webtiles) character file.

211 Gorice the Conjurer (level 5, 0/21 HPs)
             Began as a Felid Wanderer on Dec 30, 2015.
             Slain by a wight
             ... wielding a +0 spear
              (4 damage)
             ... on level 3 of the Dungeon.
             The game lasted 00:27:37 (5319 turns).

Gorice the Conjurer (Felid Wanderer)                Turns: 5319, Time: 00:27:38

Health: 0/21       AC:  1    Str: 10    XL:     5   Next: 57%
Magic:  11/11      EV: 18    Int: 14    God:
Gold:   89         SH:  0    Dex: 14    Spells: 2 memorised, 8 levels left
                                        Lives:  0   Deaths: 1

rFire  . . .     SeeInvis +     (weapon unavailable)
rCold  . . .     Gourm    .     (armour unavailable)
rNeg   . . .     Faith    .     (shield unavailable)
rPois  .         Spirit   .     (helmet unavailable)
rElec  .         Dismiss  .     (cloak unavailable)
rCorr  .         Reflect  .     (gloves unavailable)
SustAt .         Harm     .     (boots unavailable)
MR     .....                    (no amulet)
Stlth  ++........               (no ring)
                                p - +3 ring of evasion

@: drained, quick, not resistant to hostile enchantments, unstealthy
A: no armour, no weapons or thrown items, claws 1, fangs 3, see invisible,
carnivore 3, speed 1, shaggy fur 1, slow metabolism 1, sharp paws
a: no special abilities


You were on level 3 of the Dungeon.
You were very full.

You visited 1 branch of the dungeon, and saw 3 of its levels.

You collected 89 gold pieces.

Inventory:

Jewellery
 p - a +3 ring of evasion (left paw)
Scrolls
 d - 4 scrolls of identify
 e - a scroll of teleportation {!r}
 f - a scroll of random uselessness {unknown}
 g - a scroll of remove curse {unknown}
 h - a scroll of recharging {unknown}
 j - a scroll of magic mapping {unknown}
 k - a scroll of fog {unknown}
 l - a scroll of noise {unknown}
 q - a scroll of amnesia {unknown}
 r - a scroll of enchant armour {unknown}
Potions
 a - a potion of haste {!q}
 m - 2 potions of curing
 n - a potion of resistance {!q}
 o - a potion of agility {!q}
Books
 b - the Handbook of Poison

   Spells                             Type                      Level
   a - Sting                          Conjuration/Poison           1
   b - Cure Poison                    Poison                       2
Comestibles
 c - 2 meat rations {!e}
 s - a chunk of flesh


   Skills:
 - Level 1.3(1.0) Stealth
 + Level 3.5(3.2) Spellcasting
 * Level 3.6(3.2) Conjurations
   Level 2.4(2.1) Charms
   Level 2.0(1.6) Summonings
 + Level 3.3(2.9) Poison Magic
   Level 1.1(0.8) Evocations


You had 8 spell levels left.
You knew the following spells:

 Your Spells              Type           Power        Failure   Level  Hunger
a - Sting                 Conj/Pois      ##..         10%         1    #......
b - Cure Poison           Pois           ##........   12%         2    ##.....


Dungeon Overview and Level Annotations

Branches:
Dungeon (3/15)

Altars:


Innate Abilities, Weirdness & Mutations

You cannot wear armour.
You are incapable of wielding weapons or throwing items.
You have sharp claws.
You have razor-sharp teeth.
You have supernaturally acute eyesight.
You are carnivorous and can eat meat at any time.
You cover ground quickly.
You are covered in fur (AC +1).
You have a slow metabolism.
Your sharp claws are effective at attacking unaware monsters.


Message History

The wight hits you but does no damage. The wight hits you but does no damage.
The wight hits you but does no damage. The wight completely misses you.
The wight hits you but does no damage. The wight hits you but does no damage.
The wight barely misses you. The wight hits you but does no damage.
The wight hits you but does no damage.
The wight hits you from afar with a spear.
Damage: 2 (max 2)
The wight hits you from afar with a spear.
Damage: 1 (max 2)
The wight hits you but does no damage. The wight hits you but does no damage.
The wight hits you but does no damage. The wight hits you but does no damage.
The wight hits you but does no damage. The wight hits you but does no damage.
The wight hits you but does no damage. The wight barely misses you.
Your transformation is almost over.
The wight hits you but does no damage. The wight hits you but does no damage.
The wight barely misses you. The wight hits you but does no damage.
The wight hits you but does no damage. The wight barely misses you.
Unknown command.
Unknown command.
Unknown command.
Unknown command.
Unknown command.
Unknown command.
Unknown command.
Unknown command.
The wight hits you but does no damage. The wight hits you but does no damage.
You feel less woody. The wight closely misses you.
Damage: 10 (max 10)
The wight hits you from afar with a spear.
Damage: 1 (max 10)
The wight hits you from afar with a spear!
You feel drained.
Damage: 11 (max 11)
The wight hits you from afar with a spear.
* * * LOW HITPOINT WARNING * * *
The wight hits you from afar with a spear.
You die...

#.##### . #..)... .## #
######. ...
.##########.. #.# #..
........#. #.....
#######.#. #.#.#.# #.#.
#.....# #.#. #@#
####.#. #.# #......
####z# #.#.### ##..zz#
########.#.###
##....z#.#.......#.....
#........#.###.##.#####
#..............##.#
#.#...#........##.#
#.##.##...z....##.#


You could see 4 wights.

Vanquished Creatures
  A wight (D:3)
  A giant frog zombie (D:3)
  A worker ant (D:3)
  7 gnolls
  4 adders
  An ooze (D:1)
  2 worms
  4 giant geckos
  5 orcs (D:3)
  9 bats
  4 giant cockroaches
  6 goblins
  15 hobgoblins
  6 kobolds
  A quokka (D:2)
  3 ball pythons
  4 giant newts
  4 jackals
  5 rats (D:1)
83 creatures vanquished.

Notes
Turn   | Place    | Note
--------------------------------------------------------------
     0 | D:1      | Gorice the Felid Wanderer began the quest for the Orb.
     0 | D:1      | Gorice set off with: a potion of haste {!q}, the Handbook of Poison, a meat ration {!e}
     0 | D:1      | Reached XP level 1. HP: 7/7 MP: 4/4
     0 | D:1      | Identified the Handbook of Poison
     2 | D:1      | Learned a level 1 spell: Sting
   318 | D:1      | Reached skill level 2 in Poison Magic
   318 | D:1      | Reached XP level 2. HP: 11/11 MP: 1/6
   731 | D:1      | Reached skill level 1 in Conjurations
  1261 | D:1      | Reached XP level 3. HP: 14/14 MP: 2/7
  1269 | D:1      | Learned a level 2 spell: Cure Poison
  2771 | D:2      | Reached skill level 2 in Conjurations
  2771 | D:2      | Reached XP level 4. HP: 18/18 MP: 6/9
  2920 | D:2      | Reached skill level 3 in Spellcasting
  3435 | D:3      | Reached XP level 5. HP: 14/21 MP: 0/10
  3618 | D:3      | HP: 4/21 [giant frog zombie (3)]
  3975 | D:3      | HP: 6/21 [giant frog zombie (6)]
  4529 | D:3      | HP: 5/21 [worker ant (4)]
  4530 | D:3      | Slain by an adder
  4531 | D:3      | Reached XP level 4. HP: 0/18 MP: 4/9
  4535 | D:3      | Reached skill level 3 in Conjurations
  4535 | D:3      | Reached skill level 3 in Poison Magic
  4638 | D:3      | Reached XP level 5. HP: 21/21 MP: 9/11
  5318 | D:3      | HP: 4/21 [wight/spear (4)]
  5319 | D:3      | Slain by a wight

Vault maps used:
D:1:      dpeg_arrival_brainrot, minmay_misc_feat_encased,
          minmay_misc_feat_tower

Action                   |  1- 3 |  4- 6 || total
-------------------------+-------+-------++-------
Melee: Unarmed           |    28 |    72 ||   100
 Cast: Sting             |   113 |   100 ||   213
       Cure Poison       |       |     1 ||     1
  Use: Scroll            |     3 |     2 ||     5
       Potion            |     1 |     3 ||     4
 Stab: Sleeping          |     2 |     3 ||     5
  Eat: Chunk             |    13 |     9 ||    22

Table legend:
 A = Turns spent in this place as a percentage of turns spent in the entire game.
 B = Non-inter-level travel turns spent in this place as a percentage of non-inter-level travel turns spent in the entire game.
 C = Inter-level travel turns spent in this place as a percentage of turns spent in this place.
 D = Turns resting spent in this place as a percentage of non-inter-level travel turns spent in this place.
 E = Turns spent auto-exploring this place as a percentage of non-inter-level travel turns spent in this place.
 F = Non-inter-level travel turns spent in this place divided by the number of levels of this place that you've seen.
                   A       B       C       D       E      F
               +-------+-------+-------+-------+-------+----------------------
         Total | 100.0 | 100.0 |   0.7 |   6.8 |   3.1 | 603.0
       Dungeon | 100.0 | 100.0 |   0.7 |   6.8 |   3.1 | 603.0
               +-------+-------+-------+-------+-------+----------------------

Vault maps used:
D:1:      dpeg_arrival_brainrot, minmay_misc_feat_encased,
          minmay_misc_feat_tower
